 Dungeon Crawl Stone Soup version 0.15.0-18-g9076a4f (webtiles) character file.

112 Johnny the Covered (level 5, -13/42 HPs)
             Began as a Formicid Fighter on Sept 7, 2014.
             Mangled by an orc warrior
             ... wielding a +0 long sword
              (15 damage)
             ... on Level 3 of the Dungeon.
             The game lasted 00:03:29 (2281 turns).

Johnny the Covered (Formicid Fighter)               Turns: 2281, Time: 00:03:29

HP -13/42        AC  9     Str 26      XL: 5   Next: 16%
MP   7/7         EV  6     Int  7      God:
Gold 124         SH 10     Dex 11      Spells:  0 memorised,  4 levels left

rFire  . . .     SeeInvis +     a - +0 trident
rCold  . . .     Clarity  .     p - +0 chain mail
rNeg   . . .     rCorr    .     c - +0 shield
rPois  .         rRot     .     (helmet unavailable)
rElec  .         Spirit   .     (no cloak)
SustAb .         Warding  .     (no gloves)
rMut   .         Stasis   +     (no boots)
Gourm  .                        (no amulet)
MR     .....                    (no ring)
                                (no ring)

@: mighty, lethally poisoned, constricted, not resistant to hostile
enchantments, extremely unstealthy
A: permanent stasis, dig shafts and tunnels, four strong arms, antennae 3
a: Dig, Shaft Self


You were on level 3 of the Dungeon.
You were not hungry.

You visited 1 branch of the dungeon, and saw 3 of its levels.

You collected 124 gold pieces.

Inventory:

Hand weapons
 a - a +0 trident (weapon)
 o - a +3 flail
Armour
 b - a +0 scale mail
 c - a +0 shield (worn)
 p - a +0 chain mail (worn)
Comestibles
 d - 3 bread rations
 f - 3 beef jerkies
 i - a meat ration
 k - 3 fruits
Scrolls
 g - 2 scrolls of identify {unknown}
 h - 2 scrolls of teleportation {unknown}
 m - a scroll of enchant weapon {unknown}
 n - a scroll of remove curse {unknown}
Potions
 j - a potion of restore abilities


   Skills:
 * Level 4.0 Fighting
 * Level 2.2 Polearms
 * Level 4.3 Armour
 * Level 1.3 Dodging
 * Level 4.3 Shields


You had 4 spell levels left.
You didn't know any spells.

Dungeon Overview and Level Annotations

Branches:
Dungeon (3/15)

Altars:


Innate Abilities, Weirdness & Mutations

Your are under a permanent stasis effect.
You can dig through walls and to a lower floor.
Your four strong arms can wield two-handed weapons with a shield.
You have a pair of large antennae on your head (SInv).


Message History

Are you sure you want to shaft yourself? [Y]es or [N]o only, please.
Are you sure you want to shaft yourself?
Unknown command.
Unknown command.
Unknown command.
Use which ability? (? or * to list) Are you sure you want to shaft yourself?
You feel somewhat more hungry. The ball python bites you.
* * * LOW HITPOINT WARNING * * *
The ball python constricts you. You block the orc warrior's attack.
You block the orc's attack.
The orc priest hits you but does no damage.
The ball python bites you but does no damage.
* * * LOW HITPOINT WARNING * * *
The ball python constricts you.
You begin to dig a shaft.
You continue digging a shaft.
You feel sick.
The orc warrior hits you with a long sword!
You die...

##### #...# #...# #######...#
########.........#
.........#####...#######
####.......#...#.o.....#######
+.#......#.#.###@o(..((#.....####
#...............oS......).....>..
#..<....########.........###.#.#.
......### #..[...#### .# ##....#
######## .# ....#.# .# ##..#.# .#
....#.. .. .# ##.##..... .#


You could see an orc warrior, an orc priest, an orc and a ball python.

Vanquished Creatures
  An orc wizard (D:3)
  3 adders (D:2)
  An inept feature mimic (D:2)
  2 worms (D:2)
  An ooze (D:2)
  3 orcs (D:3)
  6 bats
  4 goblins
  4 hobgoblins
  2 quokkas (D:2)
  A giant cockroach (D:2)
  4 kobolds
  11 rats
43 creatures vanquished.

Notes
Turn   | Place    | Note
--------------------------------------------------------------
     0 | D:1      | Johnny, the Formicid Fighter, began the quest for the Orb.
     0 | D:1      | Reached XP level 1. HP: 18/18 MP: 1/1
   670 | D:1      | Reached XP level 2. HP: 24/24 MP: 3/3
  1109 | D:2      | Reached XP level 3. HP: 28/30 MP: 4/4
  1274 | D:2      | Reached skill level 4 in Armour
  1396 | D:2      | Reached XP level 4. HP: 34/37 MP: 5/5
  1722 | D:2      | Reached skill level 1 in Dodging
  2121 | D:3      | Reached XP level 5. HP: 29/42 MP: 7/7
  2258 | D:3      | Noticed an orc warrior
  2281 | D:3      | HP: 2/42 [poisoned by a kobold]
  2281 | D:3      | Mangled by an orc warrior

Action                   |  1- 3 |  4- 6 || total
-------------------------+-------+-------++-------
Melee: Trident           |    82 |    71 ||   153
 Abil: Shaft Self        |       |     2 ||     2
  Use: Potion            |       |     3 ||     3
  Eat: Meat ration       |       |     1 ||     1
       Fruit             |       |     1 ||     1
